 Dungeon Crawl Stone Soup version 0.25.1-2-g60ff931df9 (webtiles) character file.

Game seed: 17074945604727006799

99 gruber the Chiller (level 4, -2/33 HPs)
             Began as a Draconian Ice Elementalist on Nov 10, 2020.
             Slain by a gnoll sergeant
             ... wielding a +0 spear
              (11 damage)
             ... on level 3 of the Dungeon.
             The game lasted 00:03:18 (2755 turns).

gruber the Chiller (Draconian Ice Elementalist)     Turns: 2755, Time: 00:03:19

Health: -2/33      AC:  6    Str:  6    XL:     4   Next: 45%
Magic:  1/8        EV: 12    Int: 16    God:
Gold:   121        SH:  0    Dex: 12    Spells: 5/9 levels left

rFire    . . .     SeeInvis .   d - +0 dagger (freeze)
rCold    . . .     Gourm    .   (no shield)
rNeg     . . .     Faith    .   (armour unavailable)
rPois    .         Spirit   .   (helmet restricted)
rElec    .         Reflect  .   (no cloak)
rCorr    .         Harm     .   s - +0 pair of gloves
MR       .....                  (no boots)
Stlth    ++........             (no amulet)
HPRegen  0.11/turn              h - -4 ring of strength (curse)
MPRegen  0.11/turn              (no ring)

@: frozen ramparts
A: unfitting armour, cold-blooded, AC +5
a: no special abilities


You were on level 3 of the Dungeon.
You were not hungry.

You visited 1 branch of the dungeon, and saw 3 of its levels.

You collected 121 gold pieces.

Inventory:

Hand Weapons
 d - a +0 dagger of freezing (weapon)
 i - a +1 dagger of holy wrath
Missiles
 m - 22 poisoned darts (quivered)
Armour
 s - a +0 pair of gloves (worn)
Jewellery
 h - a cursed -4 ring of strength (left hand)
Scrolls
 c - a scroll of random uselessness {unknown}
 e - 3 scrolls of remove curse {unknown}
 f - a scroll of enchant weapon {unknown}
 j - a scroll of blinking {unknown}
 l - a scroll of enchant armour {unknown}
 n - 2 scrolls of magic mapping {unknown}
 p - a scroll of teleportation {unknown}
 q - a scroll of identify {unknown}
Potions
 a - a potion of lignification {unknown}
 g - a potion of cancellation {unknown}
 k - a potion of curing {unknown}
 o - a potion of ambrosia {unknown}
Comestibles
 b - 10 rations


   Skills:
 - Level 1.7 Dodging
 - Level 1.7 Stealth
 + Level 3.0 Spellcasting
 + Level 5.3 Ice Magic


You had 5 spell levels left.
You knew the following spells:

 Your Spells              Type           Power        Failure   Level  Hunger
a - Freeze                Ice            ###.         1%          1    #......
b - Frozen Ramparts       Ice            ###...       6%          3    ###....

Your spell library contained the following spells:

 Spells                   Type           Power        Failure   Level  Hunger
 Ozocubu's Armour         Chrm/Ice       ##......     19%         3    ###....
 Hailstorm                Conj/Ice       ##......     52%         4    #####..
 Summon Ice Beast         Ice/Summ       ##......     52%         4    #####..


Dungeon Overview and Level Annotations

Branches:
Dungeon (3/15)

Altars:
Trog


Innate Abilities, Weirdness & Mutations

Your plain brown scales are hard. (AC +5)
You cannot fit into any form of body armour.
You are cold-blooded and may be slowed by cold attacks.


Message History

The wall freezes the gnoll.
The gnoll barely misses you.
The wall freezes the gnoll sergeant.
The gnoll sergeant hits you but does no damage.
The wall freezes the gnoll.
The gnoll barely misses you.
The wall freezes the gnoll sergeant.
The gnoll sergeant hits you from afar with a +0 spear!
* * * LOW HITPOINT WARNING * * *
The wall freezes the gnoll.
The gnoll closely misses you.
Unknown command.
The wall freezes the gnoll sergeant.
The wall freezes the gnoll.
You kill the gnoll!
Your Spellcasting skill increases to level 3!
Unknown command.
The frozen ramparts melt away.
Casting: Frozen Ramparts (dangerous; 6% risk of failure)
Confirm with . or Enter, or press ? or * to list all spells.
The walls around you are covered in ice.
The wall freezes the gnoll sergeant.
The gnoll sergeant hits you from afar with a +0 spear!
You die...

#..###......
#........ .
#.......#.# #
##......)#.#.##.
.........).....$
##.......#.#.###
.......g<..#
##..##.####
#....@# #.###.#
. .(# ...# ###.#
#.# #.# #.#


You could see a gnoll sergeant.

Vanquished Creatures
  3 gnolls (D:3)
  An adder (D:2)
  An ooze (D:2)
  2 worms (D:2)
  3 dart slugs
  A giant cockroach (D:1)
  6 hobgoblins
  4 jackals (D:2)
  3 quokkas (D:2)
  5 bats
  2 frilled lizards
  4 goblins
  5 kobolds
  7 rats
47 creatures vanquished.

Notes
Turn   | Place    | Note
-------+----------+-------------------------------------------
     0 | D:1      | gruber the Draconian Ice Elementalist began the quest for
                  | the Orb.
     0 | D:1      | Reached XP level 1. HP: 14/14 MP: 3/3
   524 | D:1      | Reached XP level 2. HP: 20/20 MP: 3/5
  1097 | D:2      | Found a bloodstained altar of Trog.
  1592 | D:2      | Reached XP level 3. HP: 26/26 MP: 6/6
  1597 | D:2      | Learned a level 3 spell: Frozen Ramparts
  2103 | D:2      | Reached skill level 5 in Ice Magic
  2544 | D:2      | Reached XP level 4. HP: 27/33 MP: 3/8
  2738 | D:3      | Noticed a gnoll sergeant
  2755 | D:3      | Slain by a gnoll sergeant

Illustrated notes

Levels and vault maps discovered:
D:1:      dpeg_arrival_rooms_a, layout_basic
D:2:      layout_basic, lightli_temple_of_fire, first_ration, interstate_on_off,
          hangedman_decor_lopped, minmay_misc_feat_doors
D:3:      wad_crossroads, layout_basic, fiery_altar_vehumet, hex_tiny,
          kennysheep_crisscross, roderic_lattice_a, grunt_gozag_statues

Skill      XL: |  1  2  3  4 |
---------------+-------------+-----
Ice Magic      | 5 |  5.3
Spellcasting   | 3 |  3.0
Dodging        | |  1.7
Stealth        | |  1.7

Action                   |  1- 3 |  4- 6 || total
-------------------------+-------+-------++-------
Melee: Unarmed           |    10 |       ||    10
       Tailslap          |     7 |       ||     7
       Dagger            |   119 |       ||   119
 Cast: Freeze            |    21 |       ||    21
       Frozen Ramparts   |     5 |     3 ||     8
 Stab: Sleeping          |     4 |       ||     4
  Eat: Chunk             |     6 |     1 ||     7
Armor: Skin              |    43 |       ||    43
Dodge: Dodged            |    84 |     8 ||    92
